 Dungeon Crawl Stone Soup version 0.21.1-1-g345015f (webtiles) character file.

2336 tidbits the Insei (level 9, 68/68 HPs)
             Began as a Gnoll Transmuter on Mar 23, 2018.
             Quit the game on level 7 of the Dungeon.
             The game lasted 00:22:33 (1880 turns).

tidbits the Insei (Gnoll Transmuter)                Turns: 1880, Time: 00:22:34

Health: 68/68      AC: 11    Str: 21    XL:     9   Next: 42%
Magic:  18/18      EV: 17    Int: 24    God:
Gold:   416        SH:  0    Dex: 20    Spells: 5/21 levels left

rFire    . . .     SeeInvis .   k - +1 dagger (speed)
rCold    + + +     Gourm    .   (no shield)
rNeg     . . .     Faith    .   B - +4 skin of Zhor {rC+++}
rPois    .         Spirit   .   E - +0 helmet
rElec    .         Reflect  .   (no cloak)
rCorr    .         Harm     .   N - +0 pair of gloves of Watchfulness {Regen+ Str+8 Dex+4 Slay-4}
MR       .....                  F - +2 pair of boots
Stlth    +++.......             (no amulet)
HPRegen  0.61/turn              p - +6 ring of intelligence
MPRegen  0.16/turn              (no ring)

@: no status effects
A: distributed training, fangs 1, strong nose
a: no special abilities


You were on level 7 of the Dungeon.
You were very hungry.

You visited 2 branches of the dungeon, and saw 8 of its levels.
You also visited: Sewer and Ossuary.

You collected 416 gold pieces.

Inventory:

Hand Weapons
 e - a +0 dagger
 k - a +1 dagger of speed (weapon)
   (You took it off a kobold on level 2 of the Dungeon)
 L - a +2 hand axe of freezing
   (You took it off an orc priest on level 6 of the Dungeon)
 M - a +2 dagger of speed
   (You found it on level 6 of the Dungeon)
Missiles
 a - 32 arrows
 j - 4 stones
 G - 8 tomahawks of returning (quivered)
Armour
 b - a +0 robe
 i - a +0 shield
 o - a +2 leather armour of fire resistance
   (You found it on level 3 of the Dungeon)
 q - a +0 ring mail
 B - the +4 skin of Zhor (worn) {rC+++}
   (You found it in a sewer)

   It renders you almost immune to cold.
 E - a +0 helmet (worn)
 F - a +2 pair of boots (worn)
 I - a cursed +0 shield
 N - the +0 pair of gloves of Watchfulness (worn) {Regen+ Str+8 Dex+4 Slay-4}
   (You found it on level 7 of the Dungeon)

   It affects your strength (+8).
   It affects your dexterity (+4).
   It affects your accuracy and damage with ranged weapons and melee attacks
   (-4).
   It increases your rate of regeneration.
 P - a +0 pair of boots
Jewellery
 p - a +6 ring of intelligence (left hand)
   (You found it on level 4 of the Dungeon)
 s - an uncursed ring of teleportation
   (You found it on level 5 of the Dungeon)
Wands
 n - a wand of iceblast (3)
 O - a wand of flame (20)
Scrolls
 r - 3 scrolls of teleportation
 x - a scroll of enchant armour
 y - a scroll of random uselessness
 D - a scroll of vulnerability
 Q - 2 scrolls of torment
Potions
 f - a potion of haste {unknown}
 g - a potion of might {unknown}
 h - 5 potions of curing
 t - 3 potions of lignification {unknown}
 u - 2 potions of brilliance {unknown}
 w - 3 potions of degeneration {unknown}
 z - 7 potions of flight
 A - a potion of agility {unknown}
 C - a potion of resistance
 H - 2 potions of heal wounds {unknown}
 J - a potion of magic {unknown}
Books
 d - a book of Changes

   Spells                             Type                      Level
   a - Beastly Appendage              Transmutation                1
   b - Sticks to Snakes               Transmutation                2
   c - Spider Form                    Transmutation/Poison         3
   d - Ice Form                       Ice/Transmutation            4
   e - Blade Hands                    Transmutation                5
 m - a book of Cantrips
   (You found it on level 4 of the Dungeon)

   Spells                             Type                      Level
   a - Confusing Touch                Hexes                        1
   b - Animate Skeleton               Necromancy                   1
   c - Summon Small Mammal            Summoning                    1
   d - Apportation                    Translocation                1
Miscellaneous
 v - a lightning rod (1/4)
Comestibles
 c - 6 rations


   Skills:
 + Level 5.0 Fighting
 + Level 4.1 Short Blades
 + Level 4.1 Long Blades
 + Level 4.1 Axes
 + Level 4.1 Maces & Flails
 + Level 4.1 Polearms
 + Level 4.1 Staves
 + Level 4.1 Slings
 + Level 4.1 Bows
 + Level 4.1 Crossbows
 + Level 4.1 Throwing
 + Level 4.1 Armour
 + Level 6.2 Dodging
 + Level 4.1 Stealth
 + Level 4.1 Shields
 + Level 7.8 Unarmed Combat
 + Level 6.6 Spellcasting
 + Level 3.4 Conjurations
 + Level 3.4 Hexes
 + Level 3.4 Charms
 + Level 3.4 Summonings
 + Level 3.4 Necromancy
 + Level 3.4 Translocations
 + Level 5.2 Transmutations
 + Level 3.4 Fire Magic
 + Level 3.4 Ice Magic
 + Level 3.4 Air Magic
 + Level 3.4 Earth Magic
 + Level 3.4 Poison Magic
 + Level 4.5 Invocations
 + Level 4.1 Evocations


You had 5 spell levels left.
You knew the following spells:

 Your Spells              Type           Power        Failure   Level  Hunger
e - Beastly Appendage     Tmut           ####..       1%          1    None
h - Blade Hands           Tmut           ####......   24%         5    #####..
i - Ice Form              Ice/Tmut       ####....     13%         4    ###....
k - Sticks to Snakes      Tmut           ####....     1%          2    None
p - Spider Form           Tmut/Pois      ####......   3%          3    None
A - Apportation           Tloc           ###...       1%          1    None


Dungeon Overview and Level Annotations

Branches:
Dungeon (7/15)             Temple (1/1) D:7

Altars:
Dithmenos
Elyvilon
Gozag
Makhleb
Okawaru
Qazlal
Ru
Trog
Uskayaw
Xom
Zin
The Shining One

Annotations:
D:2 Sigmund


Innate Abilities, Weirdness & Mutations

Your experience applies equally to all skills.
You have very sharp teeth.
Your uncanny sense of smell can sniff out nearby items.


Message History

The +4 skin of Zhor {rC+++} unmelds from your body.
Your hands tingle!
A worker ant zombie comes into view.
A killer bee comes into view.
You see here an uncursed ring of loudness.
There is a shimmering altar of Xom here.
There is a stone staircase leading up here.
You climb upwards.
There is a stone staircase leading down here.
Unknown command.
There is a stone staircase leading down here.
You climb downwards.
There is a stone staircase leading up here.
Unknown command.
A killer bee comes into view.
Throwing (i - inventory. (,) - cycle):
G - 8 tomahawks of returning (quivered)
Press: ? - help, Shift-Dir - straight line, f - killer bee
Aim: a killer bee (resting)
You throw a tomahawk of returning.
The tomahawk of returning hits the killer bee but does no damage.
The killer bee buzzes angrily.
The tomahawk of returning returns to your pack!
You hear an angry buzzing noise. x2 2 killer bees come into view.
Casting: Ice Form
Confirm with . or Enter, or press ? or * to list all spells.
You turn into a creature of crystalline ice.
Your +1 dagger of speed melds into your body.
Your +0 helmet melds into your body.
The +0 pair of gloves of Watchfulness {Regen+ Str+8 Dex+4 Slay-4} melds into your body.
Your +2 pair of boots melds into your body.
The +4 skin of Zhor {rC+++} melds into your body.
The killer bee buzzes angrily.
The killer bee misses you.
You punch the killer bee! You freeze the killer bee.
The killer bee is almost dead.
The killer bee stings you.
A killer bee comes into view.
The killer bee buzzes angrily.
You pummel the killer bee!! You freeze the killer bee.
You kill the killer bee!
The killer bee stings you!
You are poisoned.
The killer bee poisons you!
Unknown command.
You punch the killer bee! You freeze the killer bee.
You kill the killer bee!
You feel sick. The killer bee barely misses you.
You feel better.
The killer bee stings you but does no damage.
The killer bee closely misses you.
Unknown command.
You punch the killer bee! You freeze the killer bee.
You kill the killer bee!
The killer bee stings you.
You hit the killer bee. You freeze the killer bee.
The killer bee is moderately wounded.
The killer bee closely misses you. The killer bee stings you.
You barely miss the killer bee.
The killer bee is moderately wounded.
The killer bee closely misses you.
The killer bee stings you but does no damage.
You completely miss the killer bee.
The killer bee is moderately wounded.
The killer bee stings you.
You punch the killer bee! You freeze the killer bee.
You kill the killer bee!
You miss the killer bee. The killer bee stings you!
The killer bee closely misses you.
You punch the killer bee! You freeze the killer bee.
The killer bee is heavily wounded.
The killer bee stings you but does no damage. x2
You punch the killer bee! You freeze the killer bee.
You kill the killer bee!
Your Fighting skill increases to level 5!
Things that are here:
a killer bee corpse x2
Unknown command.
You warm up again.
Your +1 dagger of speed unmelds from your body.
Your +0 helmet unmelds from your body.
The +0 pair of gloves of Watchfulness {Regen+ Str+8 Dex+4 Slay-4} unmelds from your body.
Your +2 pair of boots unmelds from your body.
The +4 skin of Zhor {rC+++} unmelds from your body.
Your hands tingle!
Found a staircase to the Ecumenical Temple.
You are feeling very hungry.
Unknown command.
There is a staircase to the Ecumenical Temple here.
You climb downwards.
Welcome to the Ecumenical Temple!
Found six altars.
There is a staircase back to the Dungeon here.
Found a glowing silver altar of Zin and a shadowy altar of Dithmenos.
Found a bloodstained altar of Trog.
Found an iron altar of Okawaru.
There is a staircase back to the Dungeon here.
You climb upwards.
Welcome back to the Dungeon!
There is a staircase to the Ecumenical Temple here.
Unknown command.
Are you sure you want to abandon this character and quit the game? (Confirm with "yes".)

## .. #.# #.##### #.#
#####.....# #.#
#.......#.#.##.##
#.8.8.8.#.#.#...##
#..⌠.⌠....#......####
#.8.@.8.....#...# #..
#..⌠.⌠......##.####.#
#.8.8.8.#...........Z
#........##.##.######
#.#..#......##+##
#.##.#.######...## #.###.##
##.....## #.##.##
##.......##
#######.#...####.........##


There were no monsters in sight!

Vanquished Creatures
  Pikel (D:5)
  Grinder (D:5)
  2 slaves (D:5)
  An ice beast (D:5)
  A phantom (D:5)
  A hornet zombie (D:5)
  An ogre (D:4)
  An orc warrior (D:6)
  3 bullfrogs
  2 scorpions
  5 killer bees (D:7)
  An electric eel (D:6)
  A crimson imp (D:5)
  A centaur zombie (D:6)
  A bullfrog skeleton (D:5)
  A centaur skeleton (D:5)
  5 orc wizards
  An orc priest (D:6)
  An iguana (D:4)
  6 worker ants
  A big kobold zombie (Ossuary)
  8 mummies
  4 gnolls (D:6)
  5 adders
  A shadow imp (D:5)
  2 adder skeletons (D:4)
  2 dart slugs (D:1)
  3 leopard geckos (D:5)
  6 orcs
  2 ball pythons
  9 bats
  7 giant cockroaches
  2 gnoll zombies (Ossuary)
  A goblin (D:3)
  2 hobgoblins
  A quokka (D:5)
  5 frilled lizards
  2 hobgoblin zombies (D:5)
  A jackal skeleton (D:4)
  3 kobolds
  3 kobold zombies (Ossuary)
  2 rats (D:1)
109 creatures vanquished.

Vanquished Creatures (collateral kills)
  A mummy (Ossuary)
  2 leopard geckos (D:5)
  A giant cockroach (D:5)
  A hobgoblin zombie (Ossuary)
  A kobold (D:2)
  A kobold zombie (Ossuary)
7 creatures vanquished.

Grand Total: 116 creatures vanquished

Notes
Turn   | Place    | Note
-------+----------+-------------------------------------------
     0 | D:1      | tidbits the Gnoll Transmuter began the quest for the Orb.
     0 | D:1      | Reached XP level 1. HP: 17/17 MP: 6/6
    74 | D:1      | Reached XP level 2. HP: 18/23 MP: 5/7
    78 | D:1      | Learned a level 2 spell: Sticks to Snakes
    87 | D:2      | Noticed Sigmund
   283 | D:2      | Reached skill level 5 in Spellcasting
   283 | D:2      | Reached XP level 3. HP: 28/28 MP: 3/9
   291 | D:2      | Learned a level 3 spell: Spider Form
   389 | D:4      | Noticed an ogre
   399 | D:4      | Killed an ogre
   399 | D:4      | Reached skill level 1 in Short Blades
   399 | D:4      | Reached skill level 1 in Long Blades
   399 | D:4      | Reached skill level 1 in Axes
   399 | D:4      | Reached skill level 1 in Maces & Flails
   399 | D:4      | Reached skill level 1 in Polearms
   399 | D:4      | Reached skill level 1 in Staves
   399 | D:4      | Reached skill level 1 in Slings
   399 | D:4      | Reached skill level 1 in Bows
   399 | D:4      | Reached skill level 1 in Crossbows
   399 | D:4      | Reached skill level 1 in Throwing
   399 | D:4      | Reached skill level 1 in Armour
   399 | D:4      | Reached skill level 1 in Stealth
   399 | D:4      | Reached skill level 1 in Shields
   399 | D:4      | Reached skill level 1 in Conjurations
   399 | D:4      | Reached skill level 1 in Hexes
   399 | D:4      | Reached skill level 1 in Charms
   399 | D:4      | Reached skill level 1 in Summonings
   399 | D:4      | Reached skill level 1 in Necromancy
   399 | D:4      | Reached skill level 1 in Translocations
   399 | D:4      | Reached skill level 1 in Fire Magic
   399 | D:4      | Reached skill level 1 in Ice Magic
   399 | D:4      | Reached skill level 1 in Air Magic
   399 | D:4      | Reached skill level 1 in Earth Magic
   399 | D:4      | Reached skill level 1 in Poison Magic
   399 | D:4      | Reached skill level 1 in Invocations
   399 | D:4      | Reached skill level 1 in Evocations
   399 | D:4      | Reached XP level 4. HP: 34/34 MP: 3/11
   399 | D:4      | Reached XP level 5. HP: 40/40 MP: 3/12
   547 | D:4      | Reached skill level 3 in Fighting
   553 | D:5      | Entered Level 5 of the Dungeon
   568 | D:5      | Noticed a phantom
   588 | D:5      | Noticed a slave
   588 | D:5      | Noticed an ice beast
   610 | D:5      | Found a glowing drain.
   617 | D:5      | Reached skill level 4 in Transmutations
   628 | Sewer    | Entered a sewer
   634 | Sewer    | Learned a level 4 spell: Ice Form
   712 | Sewer    | Reached skill level 2 in Invocations
   712 | Sewer    | Reached XP level 6. HP: 47/47 MP: 6/13
   716 | Sewer    | Found the +4 skin of Zhor {rC+++}
   767 | D:5      | Noticed Grinder
   777 | D:5      | Killed Grinder
   777 | D:5      | Reached skill level 2 in Short Blades
   777 | D:5      | Reached skill level 2 in Long Blades
   777 | D:5      | Reached skill level 2 in Axes
   777 | D:5      | Reached skill level 2 in Maces & Flails
   777 | D:5      | Reached skill level 2 in Polearms
   777 | D:5      | Reached skill level 2 in Staves
   777 | D:5      | Reached skill level 2 in Slings
   777 | D:5      | Reached skill level 2 in Bows
   777 | D:5      | Reached skill level 2 in Crossbows
   777 | D:5      | Reached skill level 2 in Throwing
   777 | D:5      | Reached skill level 2 in Armour
   777 | D:5      | Reached skill level 5 in Dodging
   777 | D:5      | Reached skill level 2 in Stealth
   777 | D:5      | Reached skill level 2 in Shields
   777 | D:5      | Reached skill level 2 in Evocations
   777 | D:5      | Reached XP level 7. HP: 46/52 MP: 4/15
   783 | D:5      | Reached skill level 7 in Unarmed Combat
   857 | D:5      | Found a sand-covered staircase.
   862 | D:5      | Reached skill level 2 in Conjurations
   862 | D:5      | Reached skill level 2 in Hexes
   862 | D:5      | Reached skill level 2 in Charms
   862 | D:5      | Reached skill level 2 in Summonings
   862 | D:5      | Reached skill level 2 in Necromancy
   862 | D:5      | Reached skill level 2 in Translocations
   862 | D:5      | Reached skill level 2 in Fire Magic
   862 | D:5      | Reached skill level 2 in Ice Magic
   862 | D:5      | Reached skill level 2 in Air Magic
   862 | D:5      | Reached skill level 2 in Earth Magic
   862 | D:5      | Reached skill level 2 in Poison Magic
   865 | Ossuary  | Entered an ossuary
  1060 | D:5      | Reached skill level 3 in Invocations
  1115 | D:5      | Reached XP level 8. HP: 44/60 MP: 5/16
  1192 | D:4      | Learned a level 1 spell: Apportation
  1244 | D:4      | Reached skill level 4 in Fighting
  1244 | D:4      | Reached skill level 3 in Short Blades
  1244 | D:4      | Reached skill level 3 in Long Blades
  1244 | D:4      | Reached skill level 3 in Axes
  1244 | D:4      | Reached skill level 3 in Maces & Flails
  1244 | D:4      | Reached skill level 3 in Polearms
  1244 | D:4      | Reached skill level 3 in Staves
  1244 | D:4      | Reached skill level 3 in Slings
  1244 | D:4      | Reached skill level 3 in Bows
  1244 | D:4      | Reached skill level 3 in Crossbows
  1244 | D:4      | Reached skill level 3 in Throwing
  1244 | D:4      | Reached skill level 3 in Armour
  1244 | D:4      | Reached skill level 3 in Stealth
  1244 | D:4      | Reached skill level 3 in Shields
  1244 | D:4      | Reached skill level 3 in Evocations
  1345 | D:5      | Noticed Pikel
  1348 | D:5      | Reached skill level 6 in Spellcasting
  1364 | D:5      | Killed Pikel
  1364 | D:5      | Reached skill level 3 in Conjurations
  1364 | D:5      | Reached skill level 3 in Hexes
  1364 | D:5      | Reached skill level 3 in Charms
  1364 | D:5      | Reached skill level 3 in Summonings
  1364 | D:5      | Reached skill level 3 in Necromancy
  1364 | D:5      | Reached skill level 3 in Translocations
  1364 | D:5      | Reached skill level 3 in Fire Magic
  1364 | D:5      | Reached skill level 3 in Ice Magic
  1364 | D:5      | Reached skill level 3 in Air Magic
  1364 | D:5      | Reached skill level 3 in Earth Magic
  1364 | D:5      | Reached skill level 3 in Poison Magic
  1364 | D:5      | Reached skill level 4 in Invocations
  1427 | D:6      | Reached XP level 9. HP: 49/66 MP: 14/18
  1444 | D:6      | Reached skill level 6 in Dodging
  1459 | D:6      | Reached skill level 5 in Transmutations
  1575 | D:6      | Reached skill level 4 in Short Blades
  1575 | D:6      | Reached skill level 4 in Long Blades
  1575 | D:6      | Reached skill level 4 in Axes
  1575 | D:6      | Reached skill level 4 in Maces & Flails
  1575 | D:6      | Reached skill level 4 in Polearms
  1575 | D:6      | Reached skill level 4 in Staves
  1575 | D:6      | Reached skill level 4 in Slings
  1575 | D:6      | Reached skill level 4 in Bows
  1575 | D:6      | Reached skill level 4 in Crossbows
  1575 | D:6      | Reached skill level 4 in Throwing
  1575 | D:6      | Reached skill level 4 in Armour
  1575 | D:6      | Reached skill level 4 in Stealth
  1575 | D:6      | Reached skill level 4 in Shields
  1575 | D:6      | Reached skill level 4 in Evocations
  1638 | D:6      | Found a stormy altar of Qazlal.
  1663 | D:7      | Found a shimmering altar of Xom.
  1671 | D:7      | Got a pair of crude gloves
  1677 | D:7      | Identified the cursed +0 pair of gloves of Watchfulness {Regen+ Str+8 Dex+4 Slay-4} (You found it on level 7 of the Dungeon)
  1686 | D:7      | Learned a level 5 spell: Blade Hands
  1835 | D:7      | Reached skill level 5 in Fighting
  1841 | D:7      | Found a staircase to the Ecumenical Temple.
  1849 | Temple   | Entered the Ecumenical Temple
  1880 | D:7      | Quit the game

Skill      XL: |  1  2  3  4  5  6  7  8  9 |
---------------+----------------------------+-----
Spellcasting   | 5 6 |  6.6
Short Blades   | 1 2 3 4 |  4.1
Long Blades    | 1 2 3 4 |  4.1
Axes           | 1 2 3 4 |  4.1
Maces & Flails | 1 2 3 4 |  4.1
Polearms       | 1 2 3 4 |  4.1
Staves         | 1 2 3 4 |  4.1
Slings         | 1 2 3 4 |  4.1
Bows           | 1 2 3 4 |  4.1
Crossbows      | 1 2 3 4 |  4.1
Throwing       | 1 2 3 4 |  4.1
Armour         | 1 2 3 4 |  4.1
Stealth        | 1 2 3 4 |  4.1
Shields        | 1 2 3 4 |  4.1
Conjurations   | 1 2 3 |  3.4
Hexes          | 1 2 3 |  3.4
Charms         | 1 2 3 |  3.4
Summonings     | 1 2 3 |  3.4
Necromancy     | 1 2 3 |  3.4
Translocations | 1 2 3 |  3.4
Fire Magic     | 1 2 3 |  3.4
Ice Magic      | 1 2 3 |  3.4
Air Magic      | 1 2 3 |  3.4
Earth Magic    | 1 2 3 |  3.4
Poison Magic   | 1 2 3 |  3.4
Invocations    | 1 2 3 4 |  4.5
Evocations     | 1 2 3 4 |  4.1
Fighting       | 3 4 5 |  5.0
Transmutations | 4 5 |  5.2
Dodging        | 5 6 |  6.2
Unarmed Combat | 7 |  7.8

Action                   |  1- 3 |  4- 6 |  7- 9 || total
-------------------------+-------+-------+-------++-------
Melee: Unarmed           |    45 |    44 |   154 ||   243
       Headbutt          |    10 |       |       ||    10
       Kick              |     2 |       |       ||     2
       Bite              |     3 |       |       ||     3
       Dagger            |       |     7 |     5 ||    12
Throw: Tomahawk          |       |       |     1 ||     1
 Cast: Beastly Appendage |    13 |     1 |       ||    14
       Sticks to Snakes  |     2 |     6 |     8 ||    16
       Spider Form       |     1 |     5 |       ||     6
       Ice Form          |       |     2 |    13 ||    15
       Apportation       |       |       |     1 ||     1
 Abil: End Transformatio |       |     1 |     6 ||     7
Evoke: Lightning rod     |       |       |     5 ||     5
       Wand              |       |       |     3 ||     3
  Use: Scroll            |       |       |     8 ||     8
       Potion            |       |       |     3 ||     3
 Stab: Sleeping          |     1 |     2 |     4 ||     7
       Distracted        |       |       |     1 ||     1
  Eat: Chunk             |       |       |     5 ||     5
Armor: Robe              |     6 |       |       ||     6
       Skin              |       |     5 |    22 ||    27
       Animal skin       |       |       |     1 ||     1
Dodge: Dodged            |    33 |    64 |    69 ||   166

Table legend:
 A = Turns spent in this place as a percentage of turns spent in the entire game.
 B = Non-inter-level travel turns spent in this place as a percentage of non-inter-level travel turns spent in the entire game.
 C = Inter-level travel turns spent in this place as a percentage of turns spent in this place.
 D = Turns resting spent in this place as a percentage of non-inter-level travel turns spent in this place.
 E = Turns spent auto-exploring this place as a percentage of non-inter-level travel turns spent in this place.
 F = Non-inter-level travel turns spent in this place divided by the number of levels of this place that you've seen.
                   A       B       C       D       E      F
               +-------+-------+-------+-------+-------+----------------------
         Total | 100.0 | 100.0 |   0.0 |   0.0 |   0.0 | 188.0
       Dungeon |  83.4 |  83.4 |   0.0 |   0.0 |   0.0 | 224.0
        Temple |   1.6 |   1.6 |   0.0 |   0.0 |   0.0 |  30.0
         Sewer |   5.7 |   5.7 |   0.0 |   0.0 |   0.0 | 107.0
       Ossuary |   9.3 |   9.3 |   0.0 |   0.0 |   0.0 | 175.0
               +-------+-------+-------+-------+-------+----------------------

Table legend:
 A = Kills in this place as a percentage of kills in entire the game.
 B = Kills by you in this place as a percentage of kills by you in the entire game.
 C = Kills by friends in this place as a percentage of kills by friends in the entire game.
 D = Other kills in this place as a percentage of other kills in the entire game.
 E = Experience gained in this place as a percentage of experience gained in the entire game.
 F = Experience gained in this place divided by the number of levels of this place that you have seen.
                   A       B       C       D       E      F
               +-------+-------+-------+-------+-------+----------------------
         Total | 100.0 | 100.0 | 100.0 |   N/A | 100.0 | 333.8
       Dungeon |  77.2 |  78.5 |  57.1 |   N/A |  89.3 | 425.7
         Sewer |   8.8 |   9.3 |   0.0 |   N/A |   5.5 | 185.0
       Ossuary |  14.0 |  12.1 |  42.9 |   N/A |   5.2 | 173.0
               +-------+-------+-------+-------+-------+----------------------

Vault maps used:
D:1:      dpeg_arrival_rooms_b
D:2:      vehumet_crystals, first_ration, dk_yredelemnul_ordeal, uniq_sigmund
D:5:      nicolae_ossuary_entry_giza, gup_sewer_entry_pipe, uniq_pikel,
          uniq_grinder
D:6:      cheibrodos_helix_gallery, kennysheep_little_box
D:7:      chequers_temple_overflow_minitemple,
          minmay_temple_entry_statues_fountains, serial_glass, glass_columns_a,
          glass_columns_a, basic_altar, uniq_menkaure
Temple:   eino_temple_lava
Sewer:    sewer_frog_island_01
Ossuary:  ossuary_tomb_3
